 Dungeon Crawl Stone Soup version 0.30-a0-358-g0d69a1922f (webtiles) character file.

Game seed: 15776575347520368395

12774 KennySheep the Markstengu (level 11, -6/73 HPs)
             Began as a Tengu Hunter on Nov 10, 2022.
             Was an Initiate of Yredelemnul.
             Mangled by a sun demon (14 damage)
             ... summoned by an orc high priest
             ... on level 2 of the Orcish Mines.
             The game lasted 00:41:58 (12112 turns).

KennySheep the Markstengu (Tengu Hunter)           Turns: 12112, Time: 00:41:58

Health: -6/73      AC:  6    Str: 11    XL:     11   Next: 98%
Magic:  0/16       EV: 15    Int:  8    God:    Yredelemnul [......]
Gold:   481        SH:  0    Dex: 32    Spells: 10/10 levels left

rFire   . . .      SeeInvis +    a - +1 shortbow
rCold   x . .      Faith    .    (shield currently unavailable)
rNeg    . . .      Spirit   +    c - +0 leather armour
rPois   +          Reflect  .    (helmet restricted)
rElec   .          Harm     .    (no cloak)
rCorr   .          Rampage  .    h - +2 pair of gloves
Will    +....                    (boots unavailable)
Stlth   +++.......               H - amulet of guardian spirit
HPRegen 0.32/turn                j - +6 ring of dexterity
MPRegen 0.15/turn                l - ring of poison resistance

@: about to teleport, flying quickly and evasively, quick
A: beak, talons 3, nimble flight, see invisible, agile 1, strong-willed 1, cold
vulnerability 1
a: Renounce Religion, Recall Undead Harvest


You were on level 2 of the Orcish Mines.
You worshipped Yredelemnul.
Yredelemnul was noncommittal.
You visited 2 branches of the dungeon, and saw 13 of its levels.

You collected 873 gold pieces.
You spent 392 gold pieces at shops.

Inventory:

Hand Weapons
 a - a +1 shortbow (weapon)
 b - a +1 dagger of venom
Armour
 c - a +0 leather armour (worn)
 h - a +2 pair of gloves (worn)
Jewellery
 j - a +6 ring of dexterity (left hand)
 l - a ring of poison resistance (right hand)
 t - a ring of positive energy
 y - a +6 ring of dexterity
 z - an amulet of the acrobat
 H - an amulet of guardian spirit (around neck)
 J - a ring of positive energy
Wands
 C - a wand of charming (7)
 D - a wand of iceblast (23)
 F - a wand of mindburst (4)
Scrolls
 e - 4 scrolls of teleportation
 m - 4 scrolls of fear
 n - a scroll of enchant weapon
 q - a scroll of immolation
 s - a scroll of poison
 v - 4 scrolls of amnesia
 A - a scroll of magic mapping
 B - a scroll of vulnerability
 E - a scroll of summoning
 G - 2 scrolls of fog
Potions
 d - 4 potions of mutation
 f - a potion of ambrosia
 g - 5 potions of curing
 i - 2 potions of magic
 k - 2 potions of brilliance
 p - 2 potions of flight
 r - 2 potions of heal wounds
 u - 2 potions of attraction
 w - 2 potions of degeneration
 x - 2 potions of lignification {unknown}
 K - a potion of berserk rage
 L - a potion of resistance
 M - a potion of invisibility


   Skills:
 + Level 10.3 Fighting
 * Level 15.9 Ranged Weapons
 - Level 2.1 Dodging
 - Level 1.0 Stealth
 + Level 6.5 Invocations


You had 10 spell levels left.
You didn't know any spells.
Your spell library contained the following spells:

 Spells                   Type           Power      Damage    Failure   Level
 Apportation              Tloc           0%         N/A       50%         1
 Ensorcelled Hibernation  Hex/Ice        0%         N/A       65%         2
 Scorch                   Fire           0%         2d5       65%         2
 Call Canine Familiar     Summ           0%         N/A       86%         3
 Gell's Gravitas          Tloc           0%         N/A       86%         3
 Lesser Beckoning         Tloc           0%         N/A       86%         3
 Portal Projectile        Hex/Tloc       0%         N/A       86%         3
 Spider Form              Tmut/Pois      0%         N/A       86%         3
 Teleport Other           Tloc           0%         N/A       86%         3
 Anguish                  Hex/Necr       0%         N/A       99%         4
 Flame Wave               Conj/Fire      0%         2d4       99%         4
 Leda's Liquefaction      Hex/Erth       0%         N/A       99%         4
 Alistair's Intoxication  Tmut/Pois      0%         N/A       100%        5
 Summon Cactus Giant      Summ           0%         N/A       100%        6


Dungeon Overview and Level Annotations

Branches:
Dungeon (11/15)            Temple (0/1) D:5            Lair (0/5) D:11
    Orc (2/2) D:11
    Elf: Orc:2

Altars:
Ashenzari
Cheibriados
Qazlal
Ru
Trog
Xom
Yredelemnul
The Shining One

Shops:
D:6 :   D:8 *:   D:10 !   Orc:2 [

Annotations:
D:8 2 transporters, baller8008's ghost, novice GnFi
D:9 3 runed translucent doors, Erolcha; LnG's ghost, novice KoSu
Orc:2 Sonja


Innate Abilities, Weirdness & Mutations

You have a beak for a mouth.
You have claws for feet.
Your magical nature lets you fly swiftly and evasively.
You have supernaturally acute eyesight. (SInv)
You are agile. (Dex +4, Str/Int -1)
You are strong-willed. (Will+)
You are vulnerable to cold. (rC-)


Message History

The warg closely misses you.
You shoot an arrow. The orc warrior shouts!
The arrow hits the warg!
The warg is almost dead.
The warg barely misses you.
The orc knight roars a battlecry!
The orc warriors go into a battle-frenzy!
You shoot an arrow. The arrow hits the warg!
You kill the warg!
The dead are walking!
An orc warrior comes into view.
It is wielding a +0 battleaxe and wearing a +2 plate armour of fire resistance.
An ogre comes into view. It is wielding a +0 giant club.
As you read the scroll of teleportation, it crumbles to dust.
You feel strangely unstable.
The orc warrior shouts!
The sun demon closely misses you. The orc wizard barely misses you.
The orc high priest closely misses your warg zombie.
An orc high priest comes into view.
It is wielding a +0 dire flail of holy wrath.
Your warg zombie barely misses the ogre.
The orc wizard points at you and mumbles some strange words.
The magic dart hits you! The sun demon hits you!
You are engulfed in flames!
The chaos spawn barely misses your warg zombie.
The sun demon attacks as you move away! The sun demon closely misses you.
The orc warrior hits you with a +0 long sword!
The orc high priest hits your warg zombie with a +0 dire flail!
Your warg zombie bites the ogre.
Really read the scroll of noise?
As you read the scroll of noise, it crumbles to dust.
You hear a loud clanging noise!
You hear a shout! x6; You hear a howl!
You hear a shout! x20; You hear a howl!
You hear a shout! x3
The chaos spawn gores your warg zombie but does no damage.
The orc wizard closely misses you. The orc warrior misses you.
The orc high priest hits your warg zombie with a +0 dire flail!
The orc warrior hits you with a +0 long sword!
The sun demon hits you!!
* * * LOW HITPOINT WARNING * * *
You are engulfed in flames!
You die...
Your body rises from the dead as a mindless zombie.

...PP...o.....#$....
.K.PP..<............
.........#.oo.....o.
........###4oo.....
........# #.Z....##
.......## #...o..#
.....## #Ooo...#
....# ##o3#..#.#
.... #@o......
#oo...#.# ##oo.....
#.....# O.....
...... ...... .....


You could see an orc knight, 3 orc high priests, a sun demon (summoned), a chaos
spawn (summoned), 7 orc warriors, 2 ogres, 2 orc wizards, an orc and a friendly
warg zombie.

Vanquished Creatures
  Erica (D:9)
  2 two-headed ogres (D:11)
  A manticore (D:11)
  A cyclops (D:11)
  Joseph (D:8)
  2 gargoyles (D:11)
  An unseen horror (D:11)
  A komodo dragon (D:11)
  Psyche (D:8)
  A troll (D:11)
  8 slime creatures
  A wyvern (D:9)
  2 yaks (D:10)
  A steam dragon (D:7)
  A warg (Orc:2)
  4 water moccasins
  5 orc warriors
  2 ice beasts
  2 black bears
  2 ogres
  5 centaurs
  A kobold brigand (D:11)
  3 bullfrogs
  3 necrophages (D:6)
  A gnoll sergeant (D:11)
  3 scorpions
  3 wights (D:8)
  10 killer bees
  3 howler monkeys
  3 hounds
  2 orc priests
  A jelly (D:6)
  3 gnoll boudas
  3 iguanas
  8 orc wizards
  14 gnolls
  8 adders
  A shadow imp (D:7)
  A white imp (D:5)
  An ufetubus (D:5)
  3 worms
  13 dart slugs
  30 orcs
  4 bats
  13 endoplasms
  9 giant cockroaches
  15 goblins
  10 hobgoblins
  4 jackals (D:2)
  2 quokkas
  5 ball pythons
  6 frilled lizards
  10 kobolds
  4 rats
245 creatures vanquished.

Vanquished Creatures (collateral kills)
  A centaur warrior (D:9)
  2 trolls (D:11)
  A slime creature (D:11)
  A wraith (D:9)
  3 yaks (D:10)
  An acid dragon (D:10)
  An orc warrior (D:11)
  2 killer bees
  2 orcs
14 creatures vanquished.

Vanquished Creatures (others)
  A slime creature zombie (D:11)
  A two-headed ogre zombie (D:11)
  A human zombie (D:8)
  A yak zombie (D:10)
  2 centaur zombies (D:11)
  6 killer bee zombies
  2 gnoll zombies
  21 orc zombies
  3 fungi (Orc:2)
38 creatures vanquished.

Grand Total: 297 creatures vanquished

Notes
Turn   | Place    | Note
-------+----------+-------------------------------------------
     0 | D:1      | KennySheep the Tengu Hunter began the quest for the Orb.
     0 | D:1      | Reached XP level 1. HP: 12/12 MP: 2/2
   116 | D:1      | Reached XP level 2. HP: 12/17 MP: 3/3
   305 | D:1      | Reached skill level 5 in Ranged Weapons
   403 | D:1      | Reached XP level 3. HP: 22/22 MP: 4/4
   988 | D:2      | Reached XP level 4. HP: 25/27 MP: 5/5
  1516 | D:3      | Reached skill level 6 in Ranged Weapons
  1565 | D:3      | Gained mutation: Your magical nature lets you fly swiftly
                  | and evasively. [Tengu growth]
  1565 | D:3      | Reached XP level 5. HP: 26/32 MP: 6/6
  2051 | D:3      | Gained mutation: You are strong-willed. (Will+) [potion of
                  | mutation]
  2051 | D:3      | Gained mutation: You are vulnerable to cold. (rC-) [potion
                  | of mutation]
  2051 | D:3      | Gained mutation: You are agile. (Dex +4, Str/Int -1)
                  | [potion of mutation]
  2051 | D:3      | Gained mutation: You have supernaturally acute eyesight.
                  | (SInv) [potion of mutation]
  2212 | D:4      | Noticed a black bear
  2221 | D:4      | Killed a black bear
  2222 | D:4      | Reached skill level 7 in Ranged Weapons
  2222 | D:4      | Reached XP level 6. HP: 38/38 MP: 7/7
  2296 | D:4      | Found a stormy altar of Qazlal.
  2299 | D:4      | Found a bloodstained altar of Trog.
  2303 | D:4      | Found a snail-covered altar of Cheibriados.
  2303 | D:4      | Found a shimmering altar of Xom.
  2303 | D:4      | Found a broken altar of Ashenzari.
  2448 | D:4      | Reached XP level 7. HP: 36/44 MP: 8/8
  2896 | D:5      | Entered Level 5 of the Dungeon
  3090 | D:5      | Identified the +0 ring mail "Iplaet" {rPois Str+7}
  3154 | D:5      | Reached skill level 8 in Ranged Weapons
  3369 | D:5      | Found a staircase to the Ecumenical Temple.
  3713 | D:6      | Reached skill level 5 in Fighting
  3799 | D:6      | Found Fotzatua's Tremendous Tomes.
  3826 | D:6      | Reached skill level 9 in Ranged Weapons
  3826 | D:6      | Reached XP level 8. HP: 38/49 MP: 9/9
  3995 | D:6      | Found a sacrificial altar of Ru.
  4446 | D:7      | Reached skill level 10 in Ranged Weapons
  4671 | D:7      | Reached skill level 11 in Ranged Weapons
  4671 | D:7      | Reached XP level 9. HP: 37/56 MP: 10/10
  4841 | D:7      | Found a basalt altar of Yredelemnul.
  4887 | D:7      | Became a worshipper of Yredelemnul the Dark
  4984 | D:7      | Noticed a boulder beetle
  5082 | D:8      | Noticed Psyche
  5094 | D:8      | Killed Psyche
  5229 | D:8      | Reached * piety under Yredelemnul
  5326 | D:8      | Found a transporter.
  5329 | D:8      | Noticed baller8008's ghost (novice GnFi)
  5334 | D:8      | Noticed a manticore
  5335 | D:8      | Found a transporter.
  5353 | D:8      | Reached ** piety under Yredelemnul
  5363 | D:8      | Your ally Psyche died
  5396 | D:8      | Reached skill level 12 in Ranged Weapons
  5420 | D:8      | Reached skill level 1 in Invocations
  5598 | D:8      | Found Allea's Book Shop.
  5617 | D:8      | Found Tedghiy's Overcharged Wands.
  5694 | D:8      | Noticed Joseph
  5706 | D:8      | Killed Joseph
  5937 | D:8      | Reached XP level 10. HP: 64/64 MP: 12/12
  6153 | D:9      | Noticed a centaur warrior
  6514 | D:9      | Reached skill level 13 in Ranged Weapons
  6556 | D:9      | Found a runed translucent gate.
  6557 | D:9      | Found a runed translucent gate.
  6557 | D:9      | Found a runed translucent gate.
  6564 | D:9      | Noticed LnG's ghost (novice KoSu)
  6618 | D:9      | Noticed Erolcha
  6876 | D:9      | Noticed Erica
  6882 | D:9      | HP: 3/64 [orc/+0 trident (4)]
  6885 | D:9      | Killed a centaur warrior
  8141 | D:10     | Entered Level 10 of the Dungeon
  8142 | D:10     | Found Yse Miry's Distillery.
  8149 | D:10     | Bought a potion of heal wounds for 70 gold pieces
  8149 | D:10     | Bought a potion of berserk rage for 70 gold pieces
  8149 | D:10     | Bought a potion of resistance for 140 gold pieces
  8149 | D:10     | Bought a potion of invisibility for 112 gold pieces
  8653 | D:10     | Found a glowing golden altar of the Shining One.
  9022 | D:11     | Noticed a manticore
  9026 | D:11     | Killed a manticore
  9027 | D:11     | Reached skill level 14 in Ranged Weapons
  9039 | D:11     | Noticed a cyclops
  9046 | D:11     | Killed a cyclops
  9047 | D:11     | Reached XP level 11. HP: 32/71 MP: 15/15
  9374 | D:9      | Killed Erica
  9375 | D:9      | Reached skill level 5 in Invocations
 10923 | D:11     | Reached skill level 15 in Ranged Weapons
 11090 | D:11     | Found a staircase to the Orcish Mines.
 11664 | D:11     | Noticed a two-headed ogre
 11669 | D:11     | Killed a two-headed ogre
 11670 | D:11     | Reached skill level 10 in Fighting
 11751 | D:11     | Found a staircase to the Lair.
 11889 | D:11     | Noticed a two-headed ogre
 11901 | D:11     | Killed a two-headed ogre
 11913 | D:11     | Reached *** piety under Yredelemnul
 12084 | Orc:1    | Entered Level 1 of the Orcish Mines
 12084 | Orc:1    | Noticed an orc knight
 12092 | Orc:2    | Entered Level 2 of the Orcish Mines
 12092 | Orc:2    | Noticed an orc high priest
 12092 | Orc:2    | Noticed an orc high priest
 12092 | Orc:2    | Noticed Sonja
 12092 | Orc:2    | Found Qaschodat's Antique Armour Emporium.
 12106 | Orc:2    | Noticed an orc knight
 12107 | Orc:2    | Noticed a sun demon
 12110 | Orc:2    | Noticed an orc high priest
 12112 | Orc:2    | Mangled by a sun demon

Illustrated notes

Levels and vault maps discovered:
D:1:      minmay_arrival_floating_metal, layout_basic, serial_forest,
          infiniplex_forest_clump_double, infiniplex_forest_lined_2,
          infiniplex_forest_clump_small, infiniplex_forest_zigzag_2,
          infiniplex_forest_lined_2, minmay_worlds_worst_comb
D:2:      layout_basic
D:3:      layout_rooms, minmay_goblin_kobold_house
D:4:      kennysheep_slugbush, layout_basic, grunt_temple_overflow_open,
          hangedman_decor_diamond_cutter, minmay_misc_feat_ornament
D:5:      layout_loops_corners, minmay_temple_entry_arrows
D:6:      layout_cave_pools, nicolae_ru_the_path_less_chosen,
          nicolae_shop_i_like_big_books, grunt_decor_mini_mirrors,
          corexii_shack, kennysheep_generic_room_10
D:7:      layout_basic, mainiacjoe_overflow_paths
D:8:      layout_gridville, serial_shops, nicolae_shop_waterfront,
          gammafunk_ghost_arena, nicolae_shop_overcharged_wands, uniq_joseph,
          uniq_psyche
D:9:      layout_loops_ring, serial_glass, glass_columns_b, glass_columns_a,
          ebering_ghost_rock_garden, uniq_erolcha, uniq_erica
D:10:     layout_loops_ring, nicolae_tso_carved_into_rock, serial_shops,
          nicolae_stop_n_shop_1
D:11:     layout_stronghold, lair_entry_dummy,
          kennysheep_orc_monster_closet_entryway
Orc:1:    layout_diamond_mine, serial_shops, nicolae_shop_crystal,
          uniq_gastronok
Orc:2:    grunt_orc_gardens, layout_diamond_mine, grunt_orc_garden,
          grunt_orc_garden, grunt_orc_garden, grunt_orc_garden, serial_shops,
          nicolae_shop_hallway_stairs, gammafunk_ghost_wrathful_warriors,
          uniq_sonja

Skill      XL: |  1  2  3  4  5  6  7  8  9 10 11 |
---------------+----------------------------------+-----
Ranged Weapons | 5 6 7 9 11 12 14 15 | 15.9
Fighting       | 3 4 5 6 8 9 10 | 10.3
Invocations    | 2 4 6 |  6.5
Dodging        | |  2.1
Stealth        | |  1.0

Action                   |  1- 3 |  4- 6 |  7- 9 | 10-12 || total
-------------------------+-------+-------+-------+-------++-------
Melee: Dagger            |       |       |       |     1 ||     1
       Kick              |       |       |       |     1 ||     1
       Peck              |       |       |       |     1 ||     1
 Fire: Shortbow          |    95 |   184 |   285 |   462 ||  1026
Throw: Throwing net      |       |       |       |     2 ||     2
  Use: Potion            |       |     4 |       |     4 ||     8
       Scroll            |       |       |       |    13 ||    13
 Stab: Sleeping          |       |       |       |     1 ||     1
Armor: Leather armour    |     6 |    18 |    31 |    27 ||    82
Dodge: Dodged            |    16 |    41 |    85 |   125 ||   267

Table legend: (Time is in decaauts)
 A = Elapsed time spent in this place.
 B = Non-inter-level travel time spent in this place.
 C = Inter-level travel time spent in this place.
 D = Time resting spent in this place.
 E = Time spent auto-exploring this place.
 F = Levels seen in this place.
 G = Mean time per level.
                   A        B        C        D        E       F      G
               +--------+--------+--------+--------+--------+-----+--------+
         Total |  11506 |  10918 |    588 |   1433 |   7059 |  13 |  885.1 |
       Dungeon |  11483 |  10895 |    588 |   1433 |   7059 |  11 | 1043.9 |
  Orcish Mines |     23 |     23 |      0 |      0 |      0 |   2 |   11.5 |
               +--------+--------+--------+--------+--------+-----+--------+

Top non-repeatable levels by time:
    D:11: 1919 daAuts
     D:9: 1601 daAuts
     D:8: 1219 daAuts
    D:10: 1208 daAuts
     D:7: 1106 daAuts
     D:1: 931 daAuts
     D:4: 786 daAuts
     D:5: 768 daAuts
     D:2: 709 daAuts
     D:6: 701 daAuts
     D:3: 531 daAuts
   Orc:2: 16 daAuts
   Orc:1: 6 daAuts
